 Dungeon Crawl Stone Soup version 0.32-a0-872-g59262bdc9b (webtiles) character file.

Game seed: 11002833551925715701

959 Heh the Trooper (level 8, 0/57 HPs)
             Began as an Octopode Alchemist on Mar 27, 2024.
             Slain by a wyvern (5 damage)
             ... on level 8 of the Dungeon on Mar 30, 2024.
             The game lasted 00:09:12 (3282 turns).

Heh the Trooper (Octopode Alchemist)                Turns: 3282, Time: 00:09:12

Health: 0/57       AC:  1    Str: 11    XL:     8   Next: 14%
Magic:  0/12       EV: 12    Int: 22    God:
Gold:   207        SH:  0    Dex: 14    Spells: 3/15 levels left

rFire   . . .        A - +1 rapier (drain)
rCold   . . .        (no shield)
rNeg    . . .        (helmet restricted)
rPois   +            (no amulet)
rElec   +            j - +6 ring of intelligence
rCorr   .            v - ring of poison resistance
SInv    .            (no ring)
Will    .....        (no ring)
Stlth   +++          (no ring)
HPRegen 0.29/turn    (no ring)
MPRegen 0.13/turn    (no ring)
                     (no ring)

%: no passive effects
@: very slightly contaminated
A: almost no armour, amphibious, 8 rings, camouflage 1, gelatinous body 1,
(nimble swimmer 1), tentacles, low MP 1, electricity resistance, strong 1, wild
magic 1
a: no special abilities


You were on level 8 of the Dungeon.
You visited 1 branch of the dungeon, and saw 6 of its levels.

You collected 207 gold pieces.

Inventory:

Hand Weapons
 c - a +0 spear
 h - a +1 dagger of venom
 p - a +2 short sword of speed
 u - a +0 morningstar
 A - a +1 rapier of draining (weapon)
Jewellery
 j - a +6 ring of intelligence (left tentacle)
 v - a ring of poison resistance (right tentacle)
Talismans
 B - a storm talisman
Wands
 q - a wand of flame (20)
Scrolls
 b - 3 scrolls of identify {unknown}
 e - a scroll of summoning {unknown}
 k - a scroll of brand weapon {unknown}
 n - 2 scrolls of amnesia {unknown}
 o - a scroll of poison {unknown}
 s - a scroll of teleportation {unknown}
 w - a scroll of acquirement {unknown}
 y - a scroll of enchant armour {unknown}
Potions
 a - 2 potions of magic
 d - a potion of heal wounds {unknown}
 g - 3 potions of mutation
 i - 2 potions of might {unknown}
 l - a potion of invisibility {unknown}
 m - a potion of attraction {unknown}
 r - a potion of berserk rage {unknown}
 t - a potion of haste {unknown}
 x - 3 potions of enlightenment {unknown}
 z - a potion of degeneration {unknown}


   Skills:
 + Level 6.1 Fighting
 - Level 2.0 Dodging
 - Level 2.6 Stealth
 - Level 4.0 Spellcasting
 - Level 1.0 Conjurations
 + Level 3.8 Fire Magic
 - Level 5.0 Alchemy


You had 3 spell levels left.
You knew the following spells:

 Your Spells              Type           Power      Damage    Failure   Level
a - Sting                 Conj/Alch      88%        1d8       5%          1
b - Mephitic Cloud        Conj/Alch/Air  17%        N/A       21%         3
c - Olgreb's Toxic Radia  Alch           34%        N/A       21%         4
d - Sticky Flame          Fire/Alch      30%        2d7       26%         4

Your spell library contained the following spells:

 Spells                   Type           Power      Damage    Failure   Level
 Mercury Vapours          Alch/Air       40%        N/A       10%         2
 Call Imp                 Summ           10%        N/A       24%         2
 Sublimation of Blood     Necr           5%         N/A       24%         2
 Summon Hydra             Summ           2%         N/A       100%        7


Dungeon Overview and Level Annotations

Branches:
Dungeon (5/15)
 Temple: D:4-7

Altars:
The Shining One


Innate Abilities, Weirdness & Mutations

You cannot wear most types of armour.
You are amphibious.
You can wear up to eight rings at the same time.
Your skin changes colour to match your surroundings (Stealth+).
Your rubbery body absorbs attacks. (AC +1, EV +1)
((You are camouflaged when in or above water. (Stealth+)))
You have tentacles for arms and can constrict up to eight enemies at once.
Your magical capacity is low. (-10% MP)
You are resistant to electric shocks. (rElec)
Your muscles are strong. (Str +4, Int/Dex -1)
Your spells are a little harder to cast, but a little more powerful.


Message History

The orc warrior is engulfed in noxious fumes.
The orc warrior shoots an arrow.
The arrow barely misses you.
The orc warrior is engulfed in noxious fumes.
The orc warrior unwields a +0 orcbow.
The orc warrior wields a +0 glaive.
The orc warrior closely misses you.
You hit the orc warrior but do no damage.
You drain the orc warrior. You grab the orc warrior.
You squeeze the orc warrior, but do no damage.
The orc warrior is almost dead.
You constrict the orc warrior.
You kill the orc warrior!
Your Fighting skill increases to level 6!
You hit the orc. You drain the orc. Your grab misses the orc.
You squeeze the orc.
You kill the orc!
A wyvern comes into view.
You see here a +0 club.
Your magical contamination has completely faded away.
You hit the wyvern. You drain the wyvern. You squeeze the wyvern.
The wyvern is heavily wounded.
The wyvern bites you.
Casting: Mephitic Cloud (dangerous; 14% risk of failure)
Confirm with . or Enter, or press ? or * to list all spells.
Aiming: Mephitic Cloud (dangerous; 14% risk of failure)
Press: ? - help, Shift-Dir - straight line, f - wyvern
Aim: a wyvern (heavily wounded, lightly drained, chance to affect: 81%)
You miscast Mephitic Cloud.
You are very lightly contaminated with residual magic.
Nothing appears to happen.
The wyvern barely misses you. The wyvern closely misses you.
You hit the wyvern.
The wyvern is severely wounded.
The wyvern bites you. The wyvern bites you!
* * * LOW HITPOINT WARNING * * *
Unknown command.
It was a potion of mutation.
You feel extremely strange.
You feel stronger.
You feel less in control of your magic.
You feel less energetic.
You feel insulated. The wyvern bites you.
You die...

.......#
#......#
#......#
#......##
#.......
#.....# #.....#
#. #....@# ...
#.#.k########
..?. #....#
#....#####.....
##...#
#....##........
#...#
#.......###..P.
#...#
#............P.
#..)#
#...Y###......P
#..)#
#..†.##..####..
#...#
#.....†.##


You could see a wyvern (drained).

Vanquished Creatures
  A komodo dragon (D:8)
  An orc warrior (D:8)
  A sky beast (D:8)
  2 black bears
  A bullfrog (D:8)
  A hound (D:5)
  3 orc wizards (D:4)
  An iguana (D:3)
  4 gnolls (D:3)
  3 adders
  2 dart slugs (D:1)
  2 ribbon worms
  10 orcs
  7 ball pythons
  8 endoplasms
  3 giant cockroaches (D:4)
  2 goblins
  8 hobgoblins
  6 quokkas
  2 bats (D:1)
  7 kobolds
  3 rats
78 creatures vanquished.

Notes
Turn   | Place    | Note
-------+----------+-------------------------------------------
     0 | D:1      | Heh the Octopode Alchemist began the quest for the Orb.
     0 | D:1      | Reached XP level 1. HP: 11/11 MP: 3/3
    43 | D:1      | Reached skill level 1 in Fighting
   129 | D:1      | Reached XP level 2. HP: 14/18 MP: 5/5
   234 | D:1      | Reached skill level 2 in Fighting
   784 | D:2      | Reached XP level 3. HP: 20/25 MP: 6/6
   911 | D:2      | Learned a level 3 spell: Mephitic Cloud
  1350 | D:3      | Reached skill level 3 in Fighting
  1523 | D:3      | Reached XP level 4. HP: 22/31 MP: 7/7
  1804 | D:3      | Reached XP level 5. HP: 26/36 MP: 6/9
  1934 | D:3      | Learned a level 4 spell: Olgreb's Toxic Radiance
  2077 | D:4      | Upgraded the game from 0.32-a0-841-g4648e6c457 to
                  | 0.32-a0-872-g59262bdc9b
  2337 | D:4      | Reached skill level 4 in Fighting
  2613 | D:4      | Noticed a black bear
  2619 | D:4      | Killed a black bear
  2620 | D:4      | Reached XP level 6. HP: 35/44 MP: 11/11
  2769 | D:4      | Learned a level 4 spell: Sticky Flame
  2873 | D:4      | Found a glowing golden altar of the Shining One.
  3071 | D:5      | Entered Level 5 of the Dungeon
  3086 | D:5      | Reached skill level 1 in Fire Magic
  3088 | D:5      | You fall into a shaft and drop 3 floors!
  3096 | D:8      | Noticed a komodo dragon
  3098 | D:8      | Noticed a black bear
  3102 | D:8      | Noticed a yak
  3113 | D:8      | Killed a black bear
  3114 | D:8      | Reached skill level 5 in Fighting
  3114 | D:8      | Reached XP level 7. HP: 16/50 MP: 7/13
  3123 | D:8      | Killed a komodo dragon
  3124 | D:8      | Reached skill level 5 in Alchemy
  3124 | D:8      | Reached XP level 8. HP: 14/57 MP: 0/14
  3269 | D:8      | Reached skill level 6 in Fighting
  3270 | D:8      | Noticed a wyvern
  3282 | D:8      | Gained mutation: Your muscles are strong. (Str +4, Int/Dex
                  | -1) [potion of mutation]
  3282 | D:8      | Gained mutation: Your spells are a little harder to cast,
                  | but a little more powerful. [potion of mutation]
  3282 | D:8      | Gained mutation: Your magical capacity is low. (-10% MP)
                  | [potion of mutation]
  3282 | D:8      | Gained mutation: You are resistant to electric shocks.
                  | (rElec) [potion of mutation]
  3282 | D:8      | Slain by a wyvern

Illustrated notes

Levels and vault maps discovered:
D:1:      dpeg_arrival_rooms_with_view, layout_basic,
          nicolae_figureground_sparkle
D:2:      layout_loops_ring
D:3:      layout_loops_ring, minmay_cut_off
D:4:      cheibrodos_helix_gallery, layout_gridville,
          mainiacjoe_overflow_alcove_1
D:5:      layout_cave_pools, chequers_temple_overflow_minitemple,
          xom_confusion_cloud, minmay_temple_entry_ruins,
          ebering_dispersal_statue_hall, uniq_ijyb
D:8:      layout_rooms, grunt_temple_overflow_open, due_lair_maze_entry_diamond

Skill      XL: |  1  2  3  4  5  6  7  8 |
---------------+-------------------------+-----
Fighting       | 1 2 3 4 5 6 |  6.1
Spellcasting   | 3 4 |  4.0
Fire Magic     | 1 3 |  3.8
Alchemy        | 4 5 |  5.0
Dodging        | |  2.0
Stealth        | |  2.6
Conjurations   | |  1.0

Action                     |  1- 3 |  4- 6 |  7- 9 || total
---------------------------+-------+-------+-------++-------
  Melee: Unarmed           |    10 |       |       ||    10
         Tentacles         |    15 |    16 |     4 ||    35
         Constrict         |    19 |    17 |     1 ||    37
         Spear             |    20 |       |       ||    20
         Dagger            |    35 |    35 |       ||    70
         Morningstar       |       |    24 |       ||    24
         Rapier            |       |     1 |     6 ||     7
   Cast: Sting             |     9 |    11 |       ||    20
         Mephitic Cloud    |       |     4 |     1 ||     5
         Olgreb's Toxic Ra |       |     1 |     4 ||     5
    Use: Potion            |       |       |     4 ||     4
   Stab: Sleeping          |     6 |     6 |       ||    12
         Confused          |       |     1 |       ||     1
 Armour: Skin              |    21 |    36 |    11 ||    68
  Dodge: Dodged            |    31 |    38 |     9 ||    78

Table legend: (Time is in decaauts)
 A = Elapsed time spent in this place.
 B = Non-inter-level travel time spent in this place.
 C = Inter-level travel time spent in this place.
 D = Time resting spent in this place.
 E = Time spent auto-exploring this place.
 F = Levels seen in this place.
 G = Mean time per level.
                   A        B        C        D        E       F      G
               +--------+--------+--------+--------+--------+-----+--------+
         Total |   3293 |   3224 |     69 |    334 |   2335 |   6 |  548.8 |
       Dungeon |   3293 |   3224 |     69 |    334 |   2335 |   6 |  548.8 |
               +--------+--------+--------+--------+--------+-----+--------+

Top non-repeatable levels by time:
     D:4: 1020 daAuts
     D:3: 797 daAuts
     D:1: 682 daAuts
     D:2: 581 daAuts
     D:8: 194 daAuts
     D:5: 17 daAuts
